 Dungeon Crawl Stone Soup version 0.18.1-48-g4cf74bf (webtiles) character file.

65 Kisielow the Insei (level 4, -1/32 HPs)
             Began as a Merfolk Transmuter on Aug 11, 2016.
             Succumbed to kobold's curare-tipped needle
             ... on level 3 of the Dungeon.
             The game lasted 00:04:54 (2995 turns).

Kisielow the Insei (Merfolk Transmuter)             Turns: 2995, Time: 00:04:54

Health: -1/32      AC:  5    Str: 10    XL:     4   Next: 13%
Magic:  7/7        EV: 10    Int: 13    God:
Gold:   55         SH:  0    Dex: 14    Spells: 2 memorised, 3 levels left

rFire  . . .     SeeInvis .       - Unarmed
rCold  . . .     Gourm    .     b - +0 robe
rNeg   . . .     Faith    .     (no shield)
rPois  .         Spirit   .     (no helmet)
rElec  .         Dismiss  .     (no cloak)
rCorr  .         Reflect  .     s - +2 pair of gloves
SustAt .         Harm     .     (no boots)
MR     .....                    (no amulet)
Stlth  +.........               (no ring)
                                k - -2 ring of evasion (curse)

@: lethally poisoned (-1 -> -16), slowed, drained, very slow, not resistant to
hostile enchantments, very unstealthy
A: change form in water, swift swim
a: no special abilities


You were on level 3 of the Dungeon.
You were hungry.

You visited 1 branch of the dungeon, and saw 3 of its levels.

You collected 55 gold pieces.

Inventory:

Missiles
 a - 86 arrows
Armour
 b - a +0 robe (worn)
 s - a +2 pair of gloves (worn)
Jewellery
 i - an uncursed amulet of guardian spirit {unknown}
 k - a cursed -2 ring of evasion (left hand)
Scrolls
 e - 2 scrolls of identify
 h - a scroll of teleportation
Potions
 f - a potion of degeneration
 j - 2 potions of lignification
 n - a potion of magic
Books
 c - a book of Changes

   Spells                             Type                      Level
   a - Beastly Appendage              Transmutation                1
   b - Sticks to Snakes               Transmutation                2
   c - Spider Form                    Transmutation/Poison         3
   d - Ice Form                       Ice/Transmutation            4
   e - Blade Hands                    Transmutation                5
Comestibles
 d - 3 bread rations
 g - a chunk of flesh
 o - 5 fruits
 r - a meat ration


   Skills:
 - Level 1.1(0.2) Fighting
 - Level 2.6(1.7) Dodging
 - Level 4.5(3.5) Unarmed Combat
 - Level 2.0(1.0) Spellcasting
 * Level 4.2(3.3) Transmutations


You had 3 spell levels left.
You knew the following spells:

 Your Spells              Type           Power        Failure   Level  Hunger
a - Beastly Appendage     Trmt           #.....       10%         1    ##.....
q - Spider Form           Trmt/Pois      #.........   52%         3    ####...


Dungeon Overview and Level Annotations

Branches:
Dungeon (3/15)

Altars:
Makhleb
Pakellas
Yredelemnul

Annotations:
D:3 Gottschkopf's ghost, amateur DrTm


Message History

You feel sick. The kobold completely misses you.
You hit the kobold.
The kobold is moderately wounded.
* * * LOW HITPOINT WARNING * * *
You feel very sick. The kobold closely misses you.
The kobold hits you but does no damage.
You hit the kobold but do no damage.
The kobold is moderately wounded.
* * * LOW HITPOINT WARNING * * *
You feel sick. The kobold hits you but does no damage.
Unknown command.
You closely miss the kobold.
The kobold is moderately wounded.
* * * LOW HITPOINT WARNING * * *
You feel sick. The kobold hits you.
* * * LOW HITPOINT WARNING * * *
The kobold barely misses you.
You closely miss the kobold.
The kobold is moderately wounded.
You die...

###.## #.....# ### .....#
#.....# #.. .....# #.....#
#.### .....# ####### #.#..
.....# #.#.# .....# #.#.#
.....###########.#.##########
...>..........$...((.........
.....###########@#........###
....)# #K#.#..###.# .....#
#.#.##.# # ...(.# ...###.###
###.## ...#.....# #.#
....###.### #.######
....#.....# ## #.#....#
#....###.### .. ###)##.#.#
#.....# ##


You could see a kobold.

Vanquished Creatures
  An adder (D:2)
  A worm (D:3)
  A dart slug (D:1)
  A giant gecko (D:1)
  2 orcs (D:3)
  2 ball pythons
  4 bats
  3 giant cockroaches
  7 goblins
  5 hobgoblins
  7 kobolds
  12 rats
46 creatures vanquished.

Notes
Turn   | Place    | Note
--------------------------------------------------------------
     0 | D:1      | Kisielow the Merfolk Transmuter began the quest for the Orb.
     0 | D:1      | Reached XP level 1. HP: 15/15 MP: 3/3
   313 | D:1      | Reached XP level 2. HP: 17/21 MP: 5/5
  1044 | D:1      | Reached XP level 3. HP: 26/26 MP: 6/6
  1049 | D:1      | Learned a level 3 spell: Spider Form
  1636 | D:2      | Found an oddly glowing altar of Pakellas.
  2060 | D:3      | Found a basalt altar of Yredelemnul.
  2347 | D:3      | Reached XP level 4. HP: 28/32 MP: 7/7
  2465 | D:3      | Found a burning altar of Makhleb.
  2601 | D:3      | Noticed Gottschkopf's ghost (amateur DrTm)
  2994 | D:3      | HP: 1/32 [kobold (2)]
  2995 | D:3      | Succumbed to kobold's curare-tipped needle

Skill      XL: |  1  2  3 |
---------------+----------+-----
Unarmed Combat | 4 |  4.5
Transmutations | 4 |  4.2
Fighting       | |  1.1
Dodging        | |  2.6
Spellcasting   | |  2.0

Action                   |  1- 3 |  4- 6 || total
-------------------------+-------+-------++-------
Melee: Unarmed           |   145 |    35 ||   180
       Punch             |     1 |       ||     1
 Cast: Spider Form       |       |     1 ||     1
  Use: Scroll            |     9 |       ||     9
 Stab: Sleeping          |     1 |       ||     1
       Distracted        |       |     1 ||     1
  Eat: Chunk             |     5 |     1 ||     6
Armor: Robe              |    31 |     7 ||    38
       Skin              |       |     1 ||     1
Dodge: Dodged            |    92 |    13 ||   105
